 Dungeon Crawl Stone Soup version 0.31-a0-150-g89dc3ad700 (webtiles) character file.

Game seed: 2518048117885360110

175146 qw the Marksgargoyle (level 18, -12/128 HPs)
             Began as a Gargoyle Hunter on June 8, 2023.
             Was an Elder of Okawaru.
             Mangled by a wolf spider (18 damage)
             ... on level 4 of the Spider Nest.
             The game lasted 00:13:00 (24801 turns).

qw the Marksgargoyle (Gargoyle Hunter)             Turns: 24801, Time: 00:13:00

Health: -12/128    AC: 21    Str: 15      XL:     18   Next: 8%
Magic:  25/25      EV: 25    Int:  8 (12) God:    Okawaru [****..]
Gold:   829        SH:  0    Dex: 22 (25) Spells: 17/17 levels left

rFire   + . .        l - +6 longbow (drain)
rCold   + . .        (shield currently unavailable)
rNeg    + + .        c - +0 troll leather armour {Pargi}
rPois   inf          m - +2 hat {Will+}
rElec   +            b - +2 cloak
rCorr   +            (no gloves)
SInv    .            q - +2 pair of boots
Will    +++..        o - amulet of faith
Stlth   +++          d - +6 ring of dexterity
HPRegen 1.21/turn    v - ring "Jiankykk" {rF+ rC+ rN+ Will+ rCorr}
MPRegen 0.19/turn

%: faith
@: about to teleport, heroic, corroded, flying
A: sickness immunity, AC +13, big wings, negative energy resistance 1,
electricity resistance, torment resistance 1, petrification resistance, hooves 1
a: Renounce Religion, Heroism, Finesse


You were on level 4 of the Spider Nest.
You worshipped Okawaru.
Okawaru was greatly pleased with you.
You visited 6 branches of the dungeon, and saw 30 of its levels.
You also visited: Ossuary.

You collected 2732 gold pieces.
You spent 1903 gold pieces at shops.


Innate Abilities, Weirdness & Mutations

You are immune to sickness and miasma.
Your stone body is resilient. (AC +13)
You are immune to poison.
Your large and strong wings let you fly.
You resist negative energy. (rN+)
You are resistant to electric shocks. (rElec)
You are resistant to unholy torment.
You are immune to petrification.
You have large cloven feet.


   Skills:
 + Level 19.2(24.2) Fighting
 - Level 20.0(25.0) Ranged Weapons
 - Level 9.0(14.0) Armour
 - Level 12.3(17.3) Dodging
 - Level 1.1(6.1) Stealth
 - Level 10.1 Invocations


You had 17 spell levels left.
You didn't know any spells.
Your spell library was empty.

Inventory:

Hand Weapons
 l - a +6 longbow of draining (weapon)
Armour
 b - a +2 cloak (worn)
 c - a +0 troll leather armour (worn) {Pargi}
 m - a +2 hat of willpower (worn)
 q - a +2 pair of boots (worn)
 s - a scarf of resistance
 u - a +1 ring mail of fire resistance
Jewellery
 d - a +6 ring of dexterity (left hand)
 k - an amulet of reflection
 o - an amulet of faith (around neck)
 p - a +4 ring of protection
 v - the ring "Jiankykk" (right hand) {rF+ rC+ rN+ Will+ rCorr}
   (You bought it in a shop on level 1 of the Orcish Mines)

   [ring of willpower]

   rF:        It protects you from fire.
   rC:        It protects you from cold.
   rN:        It protects you from negative energy.
   rCorr:     It protects you from acid and corrosion.
   Will:      It increases your willpower.
 w - the ring of Omajous {rPois rF+++ Int+5}
   (You found it on level 1 of the Swamp)

   [ring of poison resistance]

   Int:       It affects your intelligence (+5).
   rF:        It renders you almost immune to fire.
   rPois:     It protects you from poison.
 Y - the ring "Muucve" {Will+ Slay+3}
   (You acquired it on level 3 of the Dungeon)

   [ring of willpower]

   Slay:      It affects your accuracy & damage with ranged weapons and melee
   (+3).
   Will:      It increases your willpower.
Wands
 r - a wand of digging (11)
Scrolls
 e - 12 scrolls of teleportation
 g - 2 scrolls of enchant armour
 n - 23 scrolls of identify
Potions
 a - 5 potions of mutation
 f - 2 potions of cancellation
 h - 6 potions of haste
 j - 15 potions of curing
 x - a potion of magic

Dungeon Overview and Level Annotations

Branches:
Dungeon (15/15)            Temple (1/1) D:6            Lair (5/5) D:8
  Swamp (3/4) Lair:2       Spider (4/4) Lair:2        Slime (0/5) Lair:4
    Orc (2/2) D:10            Elf (0/3) Orc:2        Vaults (0/5) D:13
 Depths (0/4) D:15        Ossuary (visited)

Altars:
Ashenzari
Cheibriados
Dithmenos
Elyvilon
Fedhas
Gozag
Hepliaklqana
Kikubaaqudgha
Makhleb
Nemelex Xobeh
Okawaru
Qazlal
Ru
Sif Muna
Trog
Uskayaw
Vehumet
Wu Jian
Xom
Yredelemnul
Zin
The Shining One
Jiyva

Shops:
D:1 (   D:5 *   D:7 !   D:8 ?   Orc:1 *:!   Orc:2 ?!:=

Portals:
Abyss: D:15

Annotations:
D:2 1 runed translucent door, Crazy Yiuf
D:9 3 runed translucent doors, qw's ghost, novice MiHu
D:12 3 runed translucent doors, Anyutwal's ghost, journeyman HOFi; Plazmod's ghost, journeyman DECj; Yklotitu's ghost, journeyman CeHu; collin38's ghost, journeyman MiBe
D:15 2 transporters, Bananafolds's ghost, adept NaVM
Lair:3 1 runed translucent door, qw's ghost, journeyman MiHu
Lair:4 1 runed translucent door


Message History

The wolf spider is heavily wounded.
The entropy weaver barely misses you. The entropy weaver misses you.
The entropy weaver hits you but does no damage. x2
The moth of wrath goads the wolf spider on!
The wolf spider goes berserk!
You shoot an arrow. The arrow hits the wolf spider!
The wolf spider is severely wounded.
The wolf spider hits you! The wolf spider misses you.
The wolf spider completely misses you. The wolf spider barely misses you.
The broodmother completely misses you. The entropy weaver barely misses you.
The entropy weaver completely misses you. x3
The broodmother's many legs skitter.
You shoot an arrow.
The arrow barely misses the wolf spider.
The arrow hits the tarantella.
The tarantella is moderately wounded.
The wolf spider hits you!! The wolf spider barely misses you.
The broodmother misses you. The wolf spider closely misses you.
The wolf spider misses you. The entropy weaver misses you.
The entropy weaver hits you but does no damage. x2
The entropy weaver misses you.
You hear a faint skittering sound.
You shoot an arrow.
The arrow barely misses the wolf spider.
The arrow hits the redback!!
The redback is severely wounded.
The broodmother misses you. The wolf spider misses you.
The wolf spider bites you. The entropy weaver barely misses you.
The entropy weaver misses you. The entropy weaver closely misses you.
The entropy weaver hits you!
The tarantella rages.
The wolf spider misses you. The wolf spider closely misses you.
The broodmother bites you!!
24801 ||| READING 13 scrolls of teleportation.
As you read the scroll of teleportation, it crumbles to dust.
You feel strangely unstable. The wolf spider hits you!
The wolf spider bites you but does no damage.
The broodmother misses you. The wolf spider hits you!!
You die... #!?.# #...+ ###!$.s#.^..# #~ ....ss..^# #.##..ys...# #..# ByBss.

. ##..###^ss# ...
##....@##'##...^#
#....Bsssy.....^##....#
#^....sss......##.....#
##......................
#^....^.#.#.....##.....
##...~###.###...%# ...
##...##...##.%.~###.###
##..##.....##.^...#.#^.
#~........^.%..........


You could see 2 broodmothers, an entropy weaver, a wolf spider (berserk,
drained), a moth of wrath, a tarantella (berserk, drained) and 2 redbacks.

Vanquished Creatures
  Gastronok (Lair:2)
  3 emperor scorpions
  2 ghost moths
  4 broodmothers
  Nessos (D:15)
  Azrael (D:14)
  4 eleionomae
  A bunyip (Swamp:1)
  2 spark wasps
  2 fire dragons
  5 entropy weavers
  Snorg (Lair:4)
  An ice dragon (D:12)
  A catoblepas (Lair:5)
  An ogre mage (D:12)
  8 hydras
  Erolcha (Orc:1)
  3 ghost crabs
  2 jorogumos
  8 boulder beetles
  3 centaur warriors
  A radroach (Spider:2)
  4 alligators
  4 death yaks (Lair:3)
  5 tengu warriors
  5 two-headed ogres
  Urug (Lair:4)
  16 demonic crawlers
  4 orc high priests
  Sonja (Lair:4)
  5 spriggans
  3 skysharks
  5 skeletal warriors
  A fire crab (D:8)
  8 orb spiders
  A golden dragon zombie (D:15)
  5 pharaoh ants
  5 swamp dragons
  3 goliath frogs
  2 spriggan druids (Swamp:2)
  7 orc knights
  A tengu zombie (D:15)
  A necromancer (D:15)
  A phantasmal warrior (D:15)
  4 bog bodies
  A steelbarb worm (Spider:2)
  9 elephants
  5 orc sorcerers
  9 cyclopes
  2 manticores (D:15)
  13 wolf spiders
  7 will-o-the-wisps
  3 moths of wrath
  13 ugly things
  An ice statue (D:12)
  7 black mambas
  A fire giant skeleton (D:15)
  2 black mambas (shapeshifter) (D:13)
  3 torpor snails
  A gargoyle (D:12)
  7 cane toads
  Maggie (Lair:2)
  5 komodo dragons
  6 kobold demonologists
  A tengu conjurer (D:15)
  5 rime drakes
  A freezing wraith (D:14)
  7 meliai
  A queen bee (Spider:1)
  3 bloated husks
  5 trolls
  9 tyrant leeches
  7 polar bears
  Prince Ribbit (D:5)
  5 hornets
  13 tarantellas
  15 blink frogs
  26 jumping spiders
  19 slime creatures
  Sigmund (D:2)
  2 wyverns
  14 culicivoras
  2 shadows (D:12)
  3 fire elementals (D:14)
  49 yaks
  3 wraiths
  A basilisk (Lair:5)
  A steam dragon (D:5)
  27 vampire mosquitoes
  Grum (D:11)
  11 swamp worms
  Menkaure (D:7)
  8 wargs
  46 redbacks
  3 acid dragons
  Duvessa (D:7)
  7 water moccasins
  3 hell hounds (D:14)
  4 swamp drakes
  A black bear (Lair:4)
  A glowing shapeshifter skeleton (D:15)
  Pargi (D:4)
  8 ice beasts
  22 orc warriors
  2 sky beasts (D:7)
  7 ogres
  24 wolves
  14 centaurs
  11 bullfrogs
  8 kobold brigands
  A two-headed ogre simulacrum (D:11)
  A gnoll sergeant (D:11)
  5 wights (D:7)
  17 killer bees
  Dowan (D:7)
  4 howler monkeys
  A hound (D:6)
  12 orc priests
  A sleepcap (D:8)
  5 iguanas
  23 orc wizards
  A troll simulacrum (D:11)
  A mummy (Ossuary)
  8 adders
  7 gnolls
  A shadow imp (D:6)
  3 white imps
  3 dart slugs
  32 orcs
  A spectral bat (Ossuary)
  2 bat simulacra (Ossuary)
  6 endoplasms
  3 giant cockroaches
  12 gnoll zombies (Ossuary)
  6 goblins
  8 hobgoblins
  6 jackals (D:5)
  4 quokkas
  6 ball pythons
  6 bats
  4 frilled lizards
  3 goblin simulacra (Ossuary)
  2 goblin zombies (Ossuary)
  5 hobgoblin zombies (Ossuary)
  27 kobolds
  4 kobold simulacra (Ossuary)
  3 kobold zombies (Ossuary)
  8 orc zombies (Ossuary)
  10 rats
  2 rat simulacra (Ossuary)
  6 spectral goblins (Ossuary)
  3 spectral kobolds (Ossuary)
  A spectral rat (Ossuary)
914 creatures vanquished.

Vanquished Creatures (others)
  16 foxfires
16 creatures vanquished.

Grand Total: 930 creatures vanquished

Notes
Turn   | Place    | Note
-------+----------+-------------------------------------------
     0 | D:1      | qw the Gargoyle Hunter began the quest for the Orb.
     0 | D:1      | Reached XP level 1. HP: 12/12 MP: 1/1
     0 | D:1      | 0 ||| qw: Version: 0.2-a-119-g7aa9181
     0 | D:1      | 0 ||| qw: Game counter: 2896
     0 | D:1      | 0 ||| qw: Always use a shield: true
     0 | D:1      | 0 ||| qw: God list: Okawaru
     0 | D:1      | 0 ||| qw: Allow faded altars: false
     0 | D:1      | 0 ||| qw: Do Orc after D:15 true
     0 | D:1      | 0 ||| qw: Do second Lair branch before Depths: true
     0 | D:1      | 0 ||| qw: Lair rune preference: random
     0 | D:1      | 0 ||| qw: Plans: Normal
     0 | D:1      | 0 ||| PLANNING D:1-11
   185 | D:1      | Found Peiluip's Antique Weapon Boutique.
   194 | D:1      | 194 ||| SHOPLISTING glowing shortbow (126 gold, have 16).
   196 | D:1      | Reached XP level 2. HP: 17/17 MP: 2/2
   505 | D:1      | 505 ||| UPGRADING to +0 ring mail.
   515 | D:1      | 515 ||| DROPPING +0 leather armour.
   516 | D:1      | 516 ||| READING scroll labelled ZEOLUTT ZEACS.
   517 | D:1      | 517 ||| READING scroll labelled GEDOXKADOIV.
   518 | D:1      | 518 ||| READING scroll labelled FOROUZ YDDUJAI.
   519 | D:1      | 519 ||| DROPPING scroll of butterflies.
   553 | D:2      | 553 ||| STAIRDANCE
   556 | D:1      | Reached skill level 1 in Armour
   556 | D:1      | Reached XP level 3. HP: 20/21 MP: 3/3
   646 | D:2      | Found a runed translucent door.
   647 | D:2      | Noticed Crazy Yiuf
   660 | D:2      | 660 ||| SWAPPING to +0 longbow.
   661 | D:2      | 661 ||| DROPPING +0 shortbow.
   677 | D:2      | Reached skill level 5 in Ranged Weapons
   714 | D:2      | Reached XP level 4. HP: 24/27 MP: 4/4
   847 | D:2      | Reached skill level 3 in Fighting
  1006 | D:2      | Noticed Sigmund
  1016 | D:2      | Killed Sigmund
  1017 | D:2      | Reached skill level 6 in Ranged Weapons
  1017 | D:2      | Reached XP level 5. HP: 25/32 MP: 5/5
  1017 | D:2      | Reached XP level 6. HP: 29/37 MP: 6/6
  1270 | D:2      | 1270 ||| READING scroll labelled JIVUYXUITOF.
  1287 | D:2      | 1287 ||| READING scroll labelled YCEMYO DUPNU.
  1288 | D:2      | 1288 ||| READING scroll labelled LIHAPN KIRUIDO.
  1289 | D:2      | 1289 ||| READING scroll labelled EFOSOK IVISO.
  2057 | D:3      | 2057 ||| READING scroll labelled YTHRAR WILI.
  2057 | D:3      | Identified a scroll of acquirement
  2057 | D:3      | 2057 ||| ACQUIRING ring "Muucve" {Will+ Slay+3}
  2057 | D:3      | Acquired the ring "Muucve" {Will+ Slay+3}
  2059 | D:3      | 2059 ||| UPGRADING to ring "Muucve" {Will+ Slay+3}.
  2060 | D:3      | 2060 ||| READING scroll labelled ECIOHO FOFU.
  2092 | D:4      | Noticed Pargi
  2094 | D:4      | Killed Pargi
  2581 | D:4      | Found a basalt altar of Yredelemnul.
  2816 | D:4      | 2816 ||| UPGRADING to +0 troll leather armour {Pargi}.
  2826 | D:4      | 2826 ||| DROPPING +0 ring mail.
  2827 | D:4      | 2827 ||| READING scroll labelled EMAOFEC VIOMOMED.
  2828 | D:4      | 2828 ||| DRINKING 3 bubbling golden potions.
  2828 | D:4      | Gained mutation: You have large cloven feet. [potion of
                  | mutation]
  2829 | D:4      | 2829 ||| DRINKING 2 dark potions.
  2863 | D:5      | Entered Level 5 of the Dungeon
  2867 | D:5      | 2867 ||| STAIRDANCE
  2871 | D:4      | Reached skill level 7 in Ranged Weapons
  2871 | D:4      | Reached XP level 7. HP: 19/44 MP: 7/7
  2923 | D:5      | Noticed a steam dragon
  2927 | D:5      | 2927 ||| Stepping ~*~*~tactically~*~*~ (cloud).
  2933 | D:5      | Killed a steam dragon
  3114 | D:5      | Found a glowing silver altar of Zin.
  3114 | D:5      | Found a shimmering blue altar of Sif Muna.
  3114 | D:5      | Found a snail-covered altar of Cheibriados.
  3191 | D:5      | Reached skill level 8 in Ranged Weapons
  3250 | D:5      | Reached XP level 8. HP: 28/50 MP: 8/8
  3321 | D:5      | Noticed Prince Ribbit
  3331 | D:5      | Killed Prince Ribbit
  3541 | D:5      | Found Dinusol's General Store.
  3549 | D:5      | 3549 ||| BUYING scroll of identify (26 gold).
  3549 | D:5      | Bought a scroll of identify for 26 gold pieces
  3702 | D:5      | 3702 ||| UPGRADING to amulet of reflection.
  3707 | D:5      | 3707 ||| UPGRADING to amulet of faith.
  3717 | D:5      | 3717 ||| UPGRADING to ring of see invisible.
  3718 | D:5      | 3718 ||| READING scroll labelled XOS EPRAELU.
  3736 | D:5      | Reached skill level 9 in Ranged Weapons
  3934 | D:6      | Found a staircase to the Ecumenical Temple.
  3935 | D:6      | 3935 ||| PLANNING TEMPLE
  3938 | D:6      | 3938 ||| Stepping ~*~*~tactically~*~*~ (outnumbered).
  3939 | D:6      | 3939 ||| UPGRADING to +0 helmet.
  3954 | D:6      | Reached skill level 6 in Fighting
  3955 | D:6      | 3955 ||| READING scroll labelled CIRASH VEUMUKU.
  3956 | D:6      | 3956 ||| READING 2 scrolls of identify.
  3956 | D:6      | 3956 ||| IDENTIFYING emerald potion
  3957 | D:6      | 3957 ||| DROPPING potion of attraction.
  3968 | Temple   | Entered the Ecumenical Temple
  4011 | Temple   | 4011 ||| PLANNING D:1-11
  4127 | D:6      | Found a sacrificial altar of Ru.
  4127 | D:6      | Found a white marble altar of Elyvilon.
  4146 | D:6      | Found a stormy altar of Qazlal.
  4376 | D:6      | 4376 ||| DRINKING 2 fizzy pink potions.
  4377 | D:6      | 4377 ||| DRINKING 2 orange potions.
  4482 | D:6      | 4482 ||| DROPPING potion of berserk rage.
  4496 | D:7      | 4496 ||| PLANNING OSSUARY
  4534 | D:7      | Reached skill level 10 in Ranged Weapons
  4546 | D:7      | 4546 ||| FLEEEEING.
  4565 | D:7      | Reached XP level 9. HP: 56/56 MP: 9/9
  4574 | D:7      | Reached skill level 3 in Dodging
  4579 | D:7      | Noticed Menkaure
  4580 | D:7      | 4580 ||| Stepping ~*~*~tactically~*~*~ (outnumbered).
  4590 | D:7      | HP: 12/57 [killer bee (4)]
  4591 | D:7      | 4591 ||| READING 5 scrolls of teleportation.
  4595 | D:7      | 4595 ||| FLEEEEING.
  4644 | D:7      | 4644 ||| Stepping ~*~*~tactically~*~*~ (outnumbered).
  4655 | D:7      | Killed Menkaure
  4766 | D:7      | Found an iron altar of Okawaru.
  4795 | D:7      | Reached skill level 11 in Ranged Weapons
  4840 | D:7      | Found an ornate altar of the Wu Jian Council.
  4932 | D:7      | Found a sand-covered staircase.
  4938 | Ossuary  | Entered an ossuary
  5112 | Ossuary  | 5112 ||| READING scroll of enchant weapon.
  5112 | Ossuary  | 5112 ||| ENCHANTING +1 longbow of draining.
  5248 | Ossuary  | 5248 ||| READING scroll labelled DYCUTUB YDYI.
  5249 | Ossuary  | 5249 ||| READING scroll labelled FUSHASCHUIKH.
  5250 | Ossuary  | 5250 ||| DRINKING 2 puce potions.
  5251 | Ossuary  | 5251 ||| DRINKING 2 potions of curing.
  5251 | Ossuary  | 5251 ||| (to cure confusion)
  5252 | Ossuary  | 5252 ||| READING 3 scrolls of identify.
  5252 | Ossuary  | 5252 ||| IDENTIFYING green potion
  5253 | Ossuary  | 5253 ||| READING 2 scrolls of identify.
  5253 | Ossuary  | 5253 ||| IDENTIFYING sedimented silvery potion
  5254 | Ossuary  | 5254 ||| DROPPING potion of ambrosia.
  5255 | Ossuary  | 5255 ||| DROPPING potion of degeneration.
  5256 | Ossuary  | 5256 ||| DROPPING potion of invisibility.
  5300 | D:7      | 5300 ||| PLANNING OKAWARU WORSHIP
  5341 | D:7      | Became a worshipper of Warmaster Okawaru
  5341 | D:7      | 5341 ||| PLANNING D:1-11
  5438 | D:7      | Found Otor Joe's Distillery.
  5443 | D:7      | 5443 ||| BUYING 2 potions of curing (84 gold).
  5443 | D:7      | Bought 2 potions of curing for 84 gold pieces
  5443 | D:7      | 5443 ||| BUYING potion of curing (42 gold).
  5443 | D:7      | Bought a potion of curing for 42 gold pieces
  5443 | D:7      | 5443 ||| BUYING potion of curing (42 gold).
  5443 | D:7      | Bought a potion of curing for 42 gold pieces
  5443 | D:7      | 5443 ||| BUYING potion of heal wounds (70 gold).
  5443 | D:7      | Bought a potion of heal wounds for 70 gold pieces
  5576 | D:7      | Noticed Duvessa
  5576 | D:7      | Noticed Dowan
  5579 | D:7      | Killed Dowan
  5586 | D:7      | Killed Duvessa
  5967 | D:8      | 5967 ||| Stepping ~*~*~tactically~*~*~ (outnumbered).
  6008 | D:8      | Found a staircase to the Lair.
  6008 | D:8      | Noticed a fire crab
  6013 | D:8      | HP: 2/59 [something] (22)]
  6059 | D:8      | 6059 ||| FLEEEEING.
  6069 | D:8      | Found Totuer's Magic Scroll Boutique.
  6077 | D:8      | 6077 ||| BUYING scroll of enchant weapon (90 gold).
  6077 | D:8      | Bought a scroll of enchant weapon for 90 gold pieces
  6077 | D:8      | 6077 ||| BUYING scroll of enchant weapon (90 gold).
  6077 | D:8      | Bought a scroll of enchant weapon for 90 gold pieces
  6077 | D:8      | 6077 ||| SHOPLISTING scroll of enchant weapon (90 gold,
                  | have 44).
  6077 | D:8      | 6077 ||| BUYING scroll of identify (24 gold).
  6077 | D:8      | Bought a scroll of identify for 24 gold pieces
  6077 | D:8      | 6077 ||| SHOPLISTING scroll of identify (24 gold, have 20).
  6077 | D:8      | 6077 ||| READING 2 scrolls of enchant weapon.
  6077 | D:8      | 6077 ||| ENCHANTING +2 longbow of draining.
  6078 | D:8      | 6078 ||| READING scroll of enchant weapon.
  6078 | D:8      | 6078 ||| ENCHANTING +3 longbow of draining.
  6180 | D:8      | Reached * piety under Okawaru
  6184 | D:8      | Reached skill level 1 in Invocations
  6184 | D:8      | Reached XP level 10. HP: 64/64 MP: 9/11
  6194 | D:8      | Reached skill level 12 in Ranged Weapons
  6197 | D:8      | Reached skill level 3 in Invocations
  6201 | D:8      | 6201 ||| INVOKING Heroism.
  6548 | D:8      | Killed a fire crab
  6548 | D:8      | Reached ** piety under Okawaru
  6682 | D:8      | 6682 ||| PLANNING LAIR
  6682 | D:8      | 6682 ||| DRINKING 2 clear potions.
  6711 | D:8      | 6711 ||| DROPPING potion of lignification.
  6719 | Lair:1   | Entered Level 1 of the Lair of Beasts
  6745 | Lair:1   | Noticed a cane toad
  6746 | Lair:1   | 6746 ||| INVOKING Heroism.
  6750 | Lair:1   | Killed a cane toad
  6778 | Lair:1   | Noticed a cane toad
  6780 | Lair:1   | 6780 ||| INVOKING Heroism.
  6784 | Lair:1   | Killed a cane toad
  6931 | Lair:1   | Reached *** piety under Okawaru
  6932 | Lair:1   | Reached skill level 13 in Ranged Weapons
  6935 | Lair:1   | 6935 ||| INVOKING Heroism.
  7132 | Lair:1   | 7132 ||| INVOKING Heroism.
  7135 | Lair:1   | Reached skill level 9 in Fighting
  7210 | Lair:1   | Reached XP level 11. HP: 71/71 MP: 14/14
  7215 | Lair:1   | Reached skill level 3 in Armour
  7251 | Lair:1   | Reached **** piety under Okawaru
  7588 | Lair:2   | Noticed a skyshark
  7593 | Lair:2   | Killed a skyshark
  7594 | Lair:2   | 7594 ||| STAIRDANCE
  7621 | Lair:2   | 7621 ||| STAIRDANCE
  7624 | Lair:1   | 7624 ||| INVOKING Heroism.
  7701 | Lair:2   | Reached skill level 6 in Invocations
  7724 | Lair:2   | Reached ***** piety under Okawaru
  7725 | Lair:2   | Reached skill level 14 in Ranged Weapons
  7742 | Lair:2   | Noticed a bog body
  7746 | Lair:2   | Killed a bog body
  7747 | Lair:2   | Found a staircase to the Swamp.
  7917 | Lair:2   | 7917 ||| INVOKING Heroism.
  7924 | Lair:2   | Identified the +4 glaive of Death {spect, Int+7} (Okawaru
                  | gifted it to you on level 2 of the Lair of Beasts)
  7924 | Lair:2   | Received a gift from Okawaru
  7953 | Lair:2   | Noticed Gastronok
  7954 | Lair:2   | 7954 ||| INVOKING Heroism.
  7970 | Lair:2   | Killed Gastronok
  7971 | Lair:2   | Reached XP level 12. HP: 33/77 MP: 18/18
  8062 | Lair:2   | 8062 ||| INVOKING Heroism.
  8095 | Lair:2   | Reached skill level 9 in Invocations
  8110 | Lair:2   | Noticed Maggie
  8117 | Lair:2   | Killed Maggie
  8328 | Lair:2   | Found a hole to the Spider Nest.
  8430 | Lair:2   | 8430 ||| INVOKING Heroism.
  8677 | Lair:2   | 8677 ||| UPGRADING to +0 hat of willpower.
  8687 | Lair:2   | 8687 ||| UPGRADING to +6 ring of dexterity.
  8689 | Lair:2   | 8689 ||| DROPPING ring of willpower.
  8690 | Lair:2   | 8690 ||| UPGRADING to ring "Muucve" {Will+ Slay+3}.
  8692 | Lair:2   | 8692 ||| READING 2 scrolls labelled XUAMOG TIUPUKO.
  8693 | Lair:2   | 8693 ||| READING 4 scrolls of identify.
  8693 | Lair:2   | 8693 ||| IDENTIFYING pink potion
  8694 | Lair:2   | 8694 ||| READING 3 scrolls of identify.
  8694 | Lair:2   | 8694 ||| IDENTIFYING white potion
  8695 | Lair:2   | 8695 ||| DROPPING scroll of amnesia.
  8696 | Lair:2   | 8696 ||| DROPPING potion of enlightenment.
  8697 | Lair:2   | 8697 ||| DROPPING potion of brilliance.
  8716 | Lair:3   | Received a gift from Okawaru
  8717 | Lair:3   | 8717 ||| STAIRDANCE
  8735 | Lair:3   | 8735 ||| STAIRDANCE
  8803 | Lair:3   | Noticed a death yak
  8804 | Lair:3   | 8804 ||| INVOKING Heroism.
  8805 | Lair:3   | 8805 ||| INVOKING Finesse.
  8807 | Lair:3   | Noticed a death yak
  8808 | Lair:3   | Noticed a death yak
  8812 | Lair:3   | Noticed a death yak
  8813 | Lair:3   | Killed a death yak
  8821 | Lair:3   | Killed a death yak
  8829 | Lair:3   | Killed a death yak
  8833 | Lair:3   | Killed a death yak
  8834 | Lair:3   | Reached skill level 6 in Dodging
  8925 | Lair:3   | 8925 ||| INVOKING Heroism.
  8932 | Lair:3   | Reached skill level 15 in Ranged Weapons
  8982 | Lair:3   | Received a gift from Okawaru
  9027 | Lair:3   | 9027 ||| READING scroll of enchant weapon.
  9027 | Lair:3   | 9027 ||| ENCHANTING +4 longbow of draining.
  9112 | Lair:3   | Found a runed translucent door.
  9113 | Lair:3   | Found a shimmering altar of Xom.
  9113 | Lair:3   | Noticed qw's ghost (journeyman MiHu)
  9116 | Lair:3   | Noticed a +2 rapier of chaos
  9134 | Lair:3   | Noticed a skyshark
  9142 | Lair:3   | Killed a skyshark
  9659 | Lair:3   | 9659 ||| DRINKING 2 blue potions.
  9675 | Lair:4   | 9675 ||| INVOKING Heroism.
  9727 | Lair:4   | 9727 ||| INVOKING Heroism.
  9731 | Lair:4   | Reached XP level 13. HP: 82/82 MP: 17/20
  9741 | Lair:4   | 9741 ||| INVOKING Finesse.
  9746 | Lair:4   | Reached skill level 16 in Ranged Weapons
  9746 | Lair:4   | Noticed Snorg
  9750 | Lair:4   | Killed Snorg
  9807 | Lair:4   | Noticed Urug
  9808 | Lair:4   | 9808 ||| FLEEEEING.
  9809 | Lair:4   | 9809 ||| FLEEEEING.
  9810 | Lair:4   | 9810 ||| FLEEEEING.
  9811 | Lair:4   | 9811 ||| FLEEEEING.
  9812 | Lair:4   | 9812 ||| FLEEEEING.
  9813 | Lair:4   | 9813 ||| FLEEEEING.
  9814 | Lair:4   | 9814 ||| FLEEEEING.
  9815 | Lair:4   | 9815 ||| FLEEEEING.
  9816 | Lair:4   | 9816 ||| FLEEEEING.
  9818 | Lair:4   | 9818 ||| INVOKING Heroism.
  9819 | Lair:4   | 9819 ||| INVOKING Finesse.
  9825 | Lair:4   | Killed Urug
  9954 | Lair:4   | 9954 ||| INVOKING Heroism.
 10056 | Lair:4   | Noticed Sonja
 10057 | Lair:4   | 10057 ||| INVOKING Finesse.
 10065 | Lair:4   | Killed Sonja
 10166 | Lair:4   | 10166 ||| INVOKING Heroism.
 10213 | Lair:4   | Found a runed translucent door.
 10213 | Lair:4   | Found a viscous altar of Jiyva.
 10213 | Lair:4   | Noticed an acid blob
 10214 | Lair:4   | Noticed an acid blob
 10218 | Lair:4   | Found a staircase to the Slime Pits.
 10302 | Lair:4   | 10302 ||| INVOKING Heroism.
 10417 | Lair:4   | 10417 ||| UPGRADING to +2 pair of boots.
 10438 | Lair:5   | Entered Level 5 of the Lair of Beasts
 10446 | Lair:5   | 10446 ||| INVOKING Heroism.
 10453 | Lair:5   | 10453 ||| INVOKING Finesse.
 10455 | Lair:5   | Received a gift from Okawaru
 10532 | Lair:5   | Received a gift from Okawaru
 10610 | Lair:5   | 10610 ||| INVOKING Heroism.
 10611 | Lair:5   | 10611 ||| INVOKING Finesse.
 10672 | Lair:5   | 10672 ||| INVOKING Heroism.
 10673 | Lair:5   | 10673 ||| INVOKING Finesse.
 10778 | Lair:5   | 10778 ||| INVOKING Heroism.
 10847 | Lair:5   | Reached skill level 17 in Ranged Weapons
 11154 | Lair:5   | 11154 ||| Stepping ~*~*~tactically~*~*~ (water).
 11195 | Lair:5   | 11195 ||| Stepping ~*~*~tactically~*~*~ (water).
 11202 | Lair:5   | 11202 ||| Stepping ~*~*~tactically~*~*~ (water).
 11208 | Lair:5   | Noticed a fire dragon
 11209 | Lair:5   | 11209 ||| INVOKING Heroism.
 11217 | Lair:5   | Killed a fire dragon
 11338 | Lair:5   | 11338 ||| PLANNING D:1-11
 11672 | D:9      | Identified the +4 chain mail of Inadon Obua {Int+7}
 11683 | D:9      | Found a runed translucent gate.
 11684 | D:9      | Found a runed translucent gate.
 11685 | D:9      | Found a runed translucent gate.
 11844 | D:9      | Found a viscous altar of Jiyva.
 11844 | D:9      | Noticed qw's ghost (novice MiHu)
 11871 | D:9      | 11871 ||| Stepping ~*~*~tactically~*~*~ (outnumbered).
 11872 | D:9      | 11872 ||| Stepping ~*~*~tactically~*~*~ (outnumbered).
 11876 | D:9      | Gained mutation: Your large and strong wings let you fly.
                  | [Gargoyle growth]
 11876 | D:9      | Reached XP level 14. HP: 90/90 MP: 21/21
 12011 | D:10     | Entered Level 10 of the Dungeon
 12048 | D:10     | Received a gift from Okawaru
 12167 | D:10     | 12167 ||| Stepping ~*~*~tactically~*~*~ (outnumbered).
 12173 | D:10     | Reached skill level 18 in Ranged Weapons
 12186 | D:10     | 12186 ||| Stepping ~*~*~tactically~*~*~ (outnumbered).
 12189 | D:10     | 12189 ||| INVOKING Heroism.
 12190 | D:10     | 12190 ||| INVOKING Finesse.
 12191 | D:10     | 12191 ||| Stepping ~*~*~tactically~*~*~ (outnumbered).
 12192 | D:10     | 12192 ||| Stepping ~*~*~tactically~*~*~ (outnumbered).
 12194 | D:10     | 12194 ||| Stepping ~*~*~tactically~*~*~ (outnumbered).
 12559 | D:10     | Found a staircase to the Orcish Mines.
 12695 | D:11     | 12695 ||| INVOKING Heroism.
 12706 | D:11     | Noticed Grum
 12712 | D:11     | Killed Grum
 12782 | D:11     | 12782 ||| INVOKING Heroism.
 12815 | D:11     | Reached skill level 12 in Fighting
 12880 | D:11     | Found a frozen archway.
 13064 | D:11     | 13064 ||| PLANNING D
 13064 | D:11     | 13064 ||| DROPPING ring of ice.
 13065 | D:11     | 13065 ||| READING scroll labelled BUYKOKLEDU.
 13093 | D:12     | 13093 ||| STAIRDANCE
 13102 | D:11     | Received a gift from Okawaru
 13302 | D:12     | 13302 ||| INVOKING Heroism.
 13319 | D:12     | 13319 ||| INVOKING Finesse.
 13375 | D:12     | 13375 ||| INVOKING Heroism.
 13376 | D:12     | 13376 ||| INVOKING Finesse.
 13699 | D:12     | 13699 ||| FLEEEEING.
 13700 | D:12     | 13700 ||| FLEEEEING.
 13701 | D:12     | 13701 ||| FLEEEEING.
 13702 | D:12     | 13702 ||| FLEEEEING.
 13703 | D:12     | 13703 ||| FLEEEEING.
 13704 | D:12     | 13704 ||| FLEEEEING.
 13792 | D:12     | Found a runed translucent gate.
 13794 | D:12     | Found a runed translucent gate.
 13796 | D:12     | Found a runed translucent gate.
 13796 | D:12     | Noticed Anyutwal's ghost (journeyman HOFi)
 13797 | D:12     | Noticed Plazmod's ghost (journeyman DECj)
 13798 | D:12     | Noticed collin38's ghost (journeyman MiBe)
 13798 | D:12     | Noticed Yklotitu's ghost (journeyman CeHu)
 13905 | D:12     | 13905 ||| DROPPING ring of protection from cold.
 13926 | D:13     | 13926 ||| STAIRDANCE
 13973 | D:13     | 13973 ||| STAIRDANCE
 14009 | D:13     | 14009 ||| STAIRDANCE
 14011 | D:12     | 14011 ||| INVOKING Heroism.
 14018 | D:12     | HP: 17/92 [tengu warrior/+0 broad axe (14)]
 14019 | D:12     | 14019 ||| READING 12 scrolls of teleportation.
 14020 | D:12     | 14020 ||| DRINKING 4 potions of heal wounds.
 14112 | D:13     | 14112 ||| STAIRDANCE
 14114 | D:12     | 14114 ||| INVOKING Heroism.
 14119 | D:12     | HP: 21/92 [slime creature (9)]
 14120 | D:12     | 14120 ||| READING 11 scrolls of teleportation.
 14121 | D:12     | 14121 ||| DRINKING 3 potions of heal wounds.
 14197 | D:13     | Reached skill level 19 in Ranged Weapons
 14200 | D:13     | 14200 ||| STAIRDANCE
 14255 | D:13     | 14255 ||| READING scroll of enchant armour.
 14255 | D:13     | 14255 ||| ENCHANTING +0 hat of willpower.
 14332 | D:13     | 14332 ||| FLEEEEING.
 14365 | D:13     | 14365 ||| FLEEEEING.
 14596 | D:13     | 14596 ||| INVOKING Heroism.
 14597 | D:13     | 14597 ||| INVOKING Finesse.
 14598 | D:13     | 14598 ||| INVOKING Finesse.
 14658 | D:13     | Found a gate to the Vaults.
 14665 | D:13     | 14665 ||| READING scroll of enchant armour.
 14665 | D:13     | 14665 ||| ENCHANTING +1 hat of willpower.
 14751 | D:13     | 14751 ||| DROPPING +0 helmet.
 14756 | D:14     | 14756 ||| INVOKING Heroism.
 14775 | D:14     | 14775 ||| STAIRDANCE
 14825 | D:14     | 14825 ||| INVOKING Heroism.
 14829 | D:14     | Reached XP level 15. HP: 98/98 MP: 19/22
 14892 | D:14     | 14892 ||| INVOKING Heroism.
 14970 | D:14     | 14970 ||| Stepping ~*~*~tactically~*~*~ (outnumbered).
 14972 | D:14     | 14972 ||| Stepping ~*~*~tactically~*~*~ (outnumbered).
 14979 | D:14     | 14979 ||| Stepping ~*~*~tactically~*~*~ (outnumbered).
 14981 | D:14     | 14981 ||| Stepping ~*~*~tactically~*~*~ (outnumbered).
 14986 | D:14     | Noticed Azrael
 14987 | D:14     | 14987 ||| INVOKING Heroism.
 14988 | D:14     | 14988 ||| INVOKING Finesse.
 14989 | D:14     | 14989 ||| Stepping ~*~*~tactically~*~*~ (outnumbered).
 14990 | D:14     | Received a gift from Okawaru
 15004 | D:14     | Killed Azrael
 15012 | D:14     | 15012 ||| FLEEEEING.
 15013 | D:14     | 15013 ||| FLEEEEING.
 15014 | D:14     | 15014 ||| FLEEEEING.
 15015 | D:14     | 15015 ||| FLEEEEING.
 15016 | D:14     | 15016 ||| FLEEEEING.
 15017 | D:14     | 15017 ||| FLEEEEING.
 15018 | D:14     | 15018 ||| FLEEEEING.
 15019 | D:14     | 15019 ||| FLEEEEING.
 15020 | D:14     | 15020 ||| FLEEEEING.
 15021 | D:14     | 15021 ||| FLEEEEING.
 15022 | D:14     | 15022 ||| FLEEEEING.
 15023 | D:14     | 15023 ||| FLEEEEING.
 15040 | D:14     | 15040 ||| FLEEEEING.
 15043 | D:14     | 15043 ||| STAIRDANCE
 15127 | D:14     | 15127 ||| DROPPING +1 longbow of freezing.
 15160 | D:14     | Reached skill level 9 in Dodging
 15166 | D:14     | 15166 ||| INVOKING Heroism.
 15542 | D:14     | 15542 ||| UPGRADING to scarf of resistance.
 15547 | D:14     | 15547 ||| DROPPING ring of see invisible.
 15584 | D:15     | Entered Level 15 of the Dungeon
 15615 | D:15     | Received a gift from Okawaru
 15644 | D:15     | 15644 ||| INVOKING Heroism.
 15696 | D:15     | 15696 ||| FLEEEEING.
 15700 | D:15     | 15700 ||| FLEEEEING.
 15701 | D:15     | 15701 ||| INVOKING Heroism.
 15733 | D:15     | Found a staircase to the Depths.
 15816 | D:15     | Noticed Nessos
 15816 | D:15     | 15816 ||| INVOKING Finesse.
 15820 | D:15     | Killed Nessos
 15836 | D:15     | Reached skill level 20 in Ranged Weapons
 15846 | D:15     | 15846 ||| FLEEEEING.
 15865 | D:15     | 15865 ||| INVOKING Heroism.
 15875 | D:15     | HP: 11/99 [suicidal targeting (16)]
 15876 | D:15     | 15876 ||| READING 13 scrolls of teleportation.
 15877 | D:15     | 15877 ||| DRINKING 2 potions of heal wounds.
 16118 | D:15     | Noticed Bananafolds's ghost (adept NaVM)
 16119 | D:15     | Found a transporter.
 16124 | D:15     | Noticed a daeva
 16154 | D:15     | Found a one-way gate to the infinite horrors of the Abyss.
 16160 | D:15     | Found a transporter.
 16241 | D:15     | Identified the ring of Hudaduh {rPois Will+ Dex+4}
 16475 | D:15     | 16475 ||| PLANNING ORC
 16493 | D:14     | 16493 ||| INVOKING Heroism.
 16494 | D:14     | 16494 ||| INVOKING Finesse.
 16602 | Orc:1    | Entered Level 1 of the Orcish Mines
 16618 | Orc:1    | 16618 ||| INVOKING Heroism.
 16672 | Orc:1    | Found Korichu's General Store.
 16677 | Orc:1    | Found Suotiopsy's Distillery.
 16677 | Orc:1    | Found Hishorch's Book Emporium.
 16683 | Orc:1    | 16683 ||| BUYING +1 ring mail of fire resistance (176
                  | gold).
 16683 | Orc:1    | Bought a +1 ring mail of fire resistance for 176 gold
                  | pieces
 16683 | Orc:1    | 16683 ||| BUYING ring "Jiankykk" {rF+ rC+ rN+ Will+ rCorr}
                  | (613 gold).
 16683 | Orc:1    | Bought the ring "Jiankykk" {rF+ rC+ rN+ Will+ rCorr} for
                  | 613 gold pieces
 16686 | Orc:1    | 16686 ||| SHOPLISTING potion of curing (45 gold, have 42).
 16686 | Orc:1    | 16686 ||| SHOPLISTING potion of heal wounds (75 gold, have
                  | 42).
 16686 | Orc:1    | 16686 ||| SHOPLISTING potion of magic (120 gold, have 42).
 16686 | Orc:1    | 16686 ||| SHOPLISTING potion of might (60 gold, have 42).
 16686 | Orc:1    | 16686 ||| SHOPLISTING potion of mutation (120 gold, have
                  | 42).
 16696 | Orc:1    | You are sucked into a shaft and drop 1 floor!
 16696 | Orc:2    | Entered Level 2 of the Orcish Mines
 16757 | Orc:2    | 16757 ||| DROPPING ring of fire.
 16761 | Orc:2    | 16761 ||| UPGRADING to ring "Jiankykk" {rF+ rC+ rN+ Will+
                  | rCorr}.
 16764 | Orc:2    | 16764 ||| INVOKING Heroism.
 16780 | Orc:2    | Found a staircase to the Elven Halls.
 17334 | Orc:2    | 17334 ||| Stepping ~*~*~tactically~*~*~ (outnumbered).
 17336 | Orc:2    | 17336 ||| Stepping ~*~*~tactically~*~*~ (outnumbered).
 17339 | Orc:2    | 17339 ||| INVOKING Heroism.
 17340 | Orc:2    | 17340 ||| Stepping ~*~*~tactically~*~*~ (outnumbered).
 17362 | Orc:2    | Found Wireul's Magic Scroll Shoppe.
 17364 | Orc:2    | 17364 ||| Stepping ~*~*~tactically~*~*~ (outnumbered).
 17367 | Orc:2    | 17367 ||| Stepping ~*~*~tactically~*~*~ (outnumbered).
 17385 | Orc:2    | 17385 ||| INVOKING Heroism.
 17398 | Orc:2    | 17398 ||| Stepping ~*~*~tactically~*~*~ (outnumbered).
 17400 | Orc:2    | Identified the +7 shortbow of the Spheres {elec, rC+ rCorr
                  | Int-4 Dex+3} (Okawaru gifted it to you on level 2 of the
                  | Orcish Mines)
 17400 | Orc:2    | Received a gift from Okawaru
 17401 | Orc:2    | 17401 ||| Stepping ~*~*~tactically~*~*~ (outnumbered).
 17407 | Orc:2    | Reached XP level 16. HP: 97/106 MP: 23/23
 17410 | Orc:2    | 17410 ||| Stepping ~*~*~tactically~*~*~ (outnumbered).
 17435 | Orc:2    | 17435 ||| INVOKING Heroism.
 17463 | Orc:2    | Found Kattos's Book Shop.
 17467 | Orc:2    | 17467 ||| BUYING scroll of enchant armour (97 gold).
 17467 | Orc:2    | Bought a scroll of enchant armour for 97 gold pieces
 17467 | Orc:2    | 17467 ||| BUYING scroll of teleportation (39 gold).
 17467 | Orc:2    | Bought a scroll of teleportation for 39 gold pieces
 17470 | Orc:2    | Found Fois's Jewellery Shop.
 17472 | Orc:2    | Found Enaseuroy's Distillery.
 17548 | Orc:1    | 17548 ||| Stepping ~*~*~tactically~*~*~ (outnumbered).
 17549 | Orc:1    | 17549 ||| Stepping ~*~*~tactically~*~*~ (outnumbered).
 17640 | Orc:1    | Noticed Erolcha
 17644 | Orc:1    | Killed Erolcha
 17806 | Orc:2    | 17806 ||| Stepping ~*~*~tactically~*~*~ (outnumbered).
 17908 | Orc:2    | 17908 ||| BUYING 2 potions of haste (300 gold).
 17908 | Orc:2    | Bought 2 potions of haste for 300 gold pieces
 17908 | Orc:2    | 17908 ||| BUYING potion of curing (45 gold).
 17908 | Orc:2    | Bought a potion of curing for 45 gold pieces
 17908 | Orc:2    | 17908 ||| BUYING potion of curing (45 gold).
 17908 | Orc:2    | Bought a potion of curing for 45 gold pieces
 17908 | Orc:2    | 17908 ||| BUYING potion of curing (45 gold).
 17908 | Orc:2    | Bought a potion of curing for 45 gold pieces
 17908 | Orc:2    | 17908 ||| BUYING potion of heal wounds (75 gold).
 17908 | Orc:2    | Bought a potion of heal wounds for 75 gold pieces
 17908 | Orc:2    | 17908 ||| SHOPLISTING potion of resistance (150 gold, have
                  | 46).
 18007 | Orc:2    | 18007 ||| PLANNING SPIDER:1-3
 18185 | Spider:1 | Entered Level 1 of the Spider Nest
 18219 | Spider:1 | 18219 ||| INVOKING Heroism.
 18280 | Spider:1 | 18280 ||| FLEEEEING.
 18307 | Spider:1 | 18307 ||| INVOKING Heroism.
 18323 | Spider:1 | Reached skill level 15 in Fighting
 18454 | Spider:1 | 18454 ||| INVOKING Finesse.
 18599 | Spider:1 | Reached skill level 6 in Armour
 18609 | Spider:1 | 18609 ||| INVOKING Heroism.
 18628 | Spider:1 | 18628 ||| Stepping ~*~*~tactically~*~*~ (outnumbered).
 18716 | Spider:1 | 18716 ||| Stepping ~*~*~tactically~*~*~ (outnumbered).
 19416 | Spider:1 | 19416 ||| DROPPING scarf of invisibility.
 19534 | Spider:2 | 19534 ||| INVOKING Heroism.
 19580 | Spider:2 | 19580 ||| INVOKING Heroism.
 19664 | Spider:2 | 19664 ||| INVOKING Heroism.
 19731 | Spider:2 | 19731 ||| READING scroll of enchant weapon.
 19731 | Spider:2 | 19731 ||| ENCHANTING +5 longbow of draining.
 19878 | Spider:2 | 19878 ||| DRINKING 16 potions of curing.
 19878 | Spider:2 | 19878 ||| (to cure confusion)
 19884 | Spider:2 | 19884 ||| INVOKING Heroism.
 20244 | Spider:2 | 20244 ||| UPGRADING to +2 cloak.
 20478 | Spider:2 | 20478 ||| INVOKING Heroism.
 20481 | Spider:2 | 20481 ||| INVOKING Finesse.
 20599 | Spider:2 | 20599 ||| INVOKING Finesse.
 20682 | Spider:2 | Identified the +0 chain mail of the Untouchables {rC+}
                  | (Okawaru gifted it to you on level 2 of the Spider Nest)
 20682 | Spider:2 | Received a gift from Okawaru
 20820 | Spider:2 | 20820 ||| INVOKING Heroism.
 21011 | Spider:3 | 21011 ||| STAIRDANCE
 21046 | Spider:3 | 21046 ||| STAIRDANCE
 21063 | Spider:3 | Identified the +6 trident "Newtslayer" {freeze, rC+}
 21111 | Spider:3 | 21111 ||| INVOKING Heroism.
 21393 | Spider:3 | Reached XP level 17. HP: 97/117 MP: 24/24
 21550 | Spider:3 | 21550 ||| Stepping ~*~*~tactically~*~*~ (outnumbered).
 21578 | Spider:3 | 21578 ||| INVOKING Heroism.
 21590 | Spider:3 | HP: 28/117 [ghost crab] (7)]
 21591 | Spider:3 | 21591 ||| READING 14 scrolls of teleportation.
 21592 | Spider:3 | 21592 ||| DRINKING 2 potions of heal wounds.
 21594 | Spider:3 | 21594 ||| Stepping ~*~*~tactically~*~*~ (cloud).
 21685 | Spider:3 | 21685 ||| INVOKING Heroism.
 21881 | Spider:3 | 21881 ||| Stepping ~*~*~tactically~*~*~ (outnumbered).
 22084 | Spider:3 | 22084 ||| PLANNING SWAMP:1-3
 22183 | Swamp:1  | Entered Level 1 of the Swamp
 22184 | Swamp:1  | 22184 ||| INVOKING Heroism.
 22193 | Swamp:1  | 22193 ||| SWAPPING to +3 longbow of flaming.
 22196 | Swamp:1  | 22196 ||| SWAPPING to +6 longbow of draining.
 22250 | Swamp:1  | 22250 ||| INVOKING Heroism.
 22284 | Swamp:1  | Identified the ring of Omajous {rPois rF+++ Int+5}
 22398 | Swamp:1  | 22398 ||| INVOKING Heroism.
 22471 | Swamp:1  | 22471 ||| FLEEEEING.
 22474 | Swamp:1  | 22474 ||| FLEEEEING.
 22476 | Swamp:1  | 22476 ||| FLEEEEING.
 22477 | Swamp:1  | 22477 ||| FLEEEEING.
 22480 | Swamp:1  | Reached skill level 18 in Fighting
 22776 | Swamp:1  | 22776 ||| DROPPING amulet of guardian spirit.
 22794 | Swamp:2  | 22794 ||| INVOKING Heroism.
 23006 | Swamp:2  | 23006 ||| INVOKING Heroism.
 23040 | Swamp:2  | 23040 ||| INVOKING Heroism.
 23134 | Swamp:2  | 23134 ||| INVOKING Heroism.
 23180 | Swamp:2  | 23180 ||| INVOKING Heroism.
 23227 | Swamp:2  | 23227 ||| INVOKING Heroism.
 23229 | Swamp:2  | Reached skill level 12 in Dodging
 23382 | Swamp:2  | 23382 ||| READING 21 scrolls of identify.
 23382 | Swamp:2  | 23382 ||| IDENTIFYING glowing clear potion
 23538 | Swamp:3  | 23538 ||| FLEEEEING.
 23539 | Swamp:3  | 23539 ||| STAIRDANCE
 23646 | Swamp:3  | 23646 ||| INVOKING Heroism.
 23670 | Swamp:3  | Reached skill level 9 in Armour
 23951 | Swamp:3  | 23951 ||| PLANNING SPIDER:4
 24140 | Spider:4 | Entered Level 4 of the Spider Nest
 24145 | Spider:4 | 24145 ||| INVOKING Heroism.
 24146 | Spider:4 | 24146 ||| INVOKING Finesse.
 24256 | Spider:4 | 24256 ||| INVOKING Finesse.
 24279 | Spider:4 | Identified the +3 scale mail "Lyffotzi" {Will+} (Okawaru
                  | gifted it to you on level 4 of the Spider Nest)
 24279 | Spider:4 | Received a gift from Okawaru
 24285 | Spider:4 | 24285 ||| INVOKING Heroism.
 24295 | Spider:4 | 24295 ||| Stepping ~*~*~tactically~*~*~ (outnumbered).
 24456 | Spider:4 | 24456 ||| INVOKING Finesse.
 24507 | Spider:4 | 24507 ||| INVOKING Heroism.
 24513 | Spider:4 | 24513 ||| Stepping ~*~*~tactically~*~*~ (outnumbered).
 24547 | Spider:4 | Reached XP level 18. HP: 128/128 MP: 20/25
 24547 | Spider:4 | 24547 ||| DROPPING +3 longbow of flaming.
 24583 | Spider:4 | HP: 31/128 [something (9)]
 24585 | Spider:4 | 24585 ||| DRINKING potion of heal wounds.
 24618 | Spider:4 | 24618 ||| INVOKING Heroism.
 24781 | Spider:4 | 24781 ||| INVOKING Heroism.
 24786 | Spider:4 | 24786 ||| Stepping ~*~*~tactically~*~*~ (outnumbered).
 24788 | Spider:4 | 24788 ||| Stepping ~*~*~tactically~*~*~ (outnumbered).
 24789 | Spider:4 | 24789 ||| Stepping ~*~*~tactically~*~*~ (outnumbered).
 24800 | Spider:4 | HP: 16/128 [broodmother (31)]
 24801 | Spider:4 | 24801 ||| READING 13 scrolls of teleportation.
 24801 | Spider:4 | HP: 6/128 [wolf spider (11)]
 24801 | Spider:4 | Mangled by a wolf spider

Levels and vault maps discovered:
D:1:      onia_arrival_mini_maze, layout_basic, serial_shops, shop
D:2:      layout_loops_ring, uniq_crazy_yiuf_cottage, uniq_sigmund
D:3:      layout_basic, wad_floor_pattern_1, st_stairs_10,
          amcnicky_mini_corridor_feature
D:4:      layout_loops_corners, yredelemnul_altar_generic, uniq_pargi
D:5:      layout_cave_pods, gammafunk_temple_overflow_claw, serial_shops, shop,
          uniq_prince_ribbit1
D:6:      layout_loops_ring, grunt_qazlal_sundering, grunt_temple_overflow_open,
          minmay_temple_entry_stoned_glass, serial_glass, glass_columns_b,
          glass_columns_b
D:7:      layout_basic, nicolae_overflow_crystal_walls, amcnicky_altar_gilded,
          serial_shops, shop, enter_ossuary_2, minivault_4, uniq_duvessa,
          uniq_menkaure
D:8:      layout_loops_ring, minmay_lair_entry_lava, serial_shops, shop_scrolls
D:9:      layout_cave_pools, gammafunk_ghost_ooze
D:10:     layout_loops_ring, orc_0_dummy
D:11:     layout_roguey, portal_ice_cave_entry_ice_simulacra, uniq_grum
D:12:     layout_cross, gammafunk_ghost_cemetery, ice2_lemuel
D:13:     layout_cave_pools, david_vaults_4
D:14:     layout_small_grid, kennysheep_nondescript, uniq_azrael
D:15:     gammafunk_depths_entry_grave, layout_basic,
          gammafunk_ghost_abyssal_escape, chequers_hall_statues_wall_a,
          uniq_nessos
Temple:   nicolae_temple_ecumenical_triangle
Lair:1:   layout_cave_pods, dreamdust_mushroom_princess,
          infiniplex_staircase_pool
Lair:2:   layout_roguey, skrybe_swamp_entry_bodies, spider_nest_entry_a,
          grunt_megastairs_4, uniq_maggie, uniq_gastronok
Lair:3:   layout_cellular_growth, ebering_ghost_xom, serial_bayou_pond_c,
          serial_bayou_shore_b, grunt_megastairs_2
Lair:4:   layout_hall_layers, slime_entry_2, minivault_24, uniq_snorg,
          uniq_urug, uniq_sonja
Lair:5:   guppyfry_lair_end_dragon, layout_cellular_growth, grunt_megastairs_1
Swamp:1:  layout_basic_swamp, evilmike_swamp_ruin_house_3,
          nicolae_swamp_dense_foliage
Swamp:2:  layout_basic_swamp, nicolae_swamp_stair_fork, swamp_pool1,
          nicolae_swamp_big_swirl
Swamp:3:  layout_basic_swamp, nicolae_swamp_little_tower
Spider:1: layout_chambers, special_room [special_room_bee]
Spider:2: layout_chambers, nicolae_spider_jagged_tunnels
Spider:3: layout_cave_pods, nicolae_spider_swamp_cousins
Spider:4: hellmonk_spider_rune_endless_swarm, drop_trap,
          einodemon_crawler_minivault
Orc:1:    layout_diamond_mine, guppyfry_orc_lava_fort, uniq_erolcha
Orc:2:    st_orc_elflike, layout_caves, guppyfry_library_mini

Skill      XL: |  1  2  3  4  5  6  7  8  9 10 11 12 13 14 15 16 17 |
---------------+----------------------------------------------------+-----
Armour         | 1 2 3 4 5 7 9 |  9.0
Ranged Weapons | 5 6 7 8 10 11 13 14 15 17 19 20 | 20.0
Fighting       | 3 4 5 6 8 9 10 11 13 14 17 19 | 19.2
Dodging        | 2 3 4 6 7 8 10 11 12 | 12.3
Invocations    | 1 4 8 10 | 10.1
Stealth        | |  1.1

Action                     |  1- 3 |  4- 6 |  7- 9 | 10-12 | 13-15 | 16-18 || total
---------------------------+-------+-------+-------+-------+-------+-------++-------
   Fire: Shortbow          |    56 |       |       |       |       |       ||    56
         Longbow           |    21 |    90 |   316 |   363 |  1084 |  1261 ||  3135
 Invoke: Heroism           |       |       |       |    14 |    30 |    28 ||    72
         Finesse           |       |       |       |     1 |    13 |     6 ||    20
    Use: Scroll            |     3 |     7 |    11 |     4 |     6 |     4 ||    35
         Potion            |       |     2 |     4 |     2 |     3 |     3 ||    14
 Armour: Leather armour    |     2 |       |       |       |       |       ||     2
         Ring mail         |     7 |    28 |       |       |       |       ||    35
         Troll leather arm |       |       |    64 |    78 |   159 |   359 ||   660
  Dodge: Dodged            |    24 |    24 |   107 |   134 |   340 |   936 ||  1565

Table legend:
 A = Non-vault XP
 B = Vault XP
 C = Vault XP percentage of total XP
 D = Non-vault monster count
 E = Vault monster count
 F = Vault count percentage of total count
                 A         B        C        D         E       F
            +---------+---------+-------+---------+---------+-------
      Total |  184435 |   65930 |  26.3 |     664 |     250 |  27.4
            +---------+---------+-------+---------+---------+-------
        D:1 |      45 |       1 |   2.2 |      19 |       1 |   5.0
        D:2 |      75 |     223 |  74.8 |      18 |       1 |   5.3
        D:3 |      14 |       5 |  26.3 |       9 |       3 |  25.0
        D:4 |     159 |     130 |  45.0 |      14 |       1 |   6.7
        D:5 |     673 |     286 |  29.8 |      18 |       1 |   5.3
        D:6 |     291 |       0 |   0.0 |      13 |       0 |   0.0
        D:7 |    1582 |     382 |  19.5 |      25 |       3 |  10.7
        D:8 |    1755 |     756 |  30.1 |      33 |       1 |   2.9
        D:9 |    3699 |       0 |   0.0 |      35 |       0 |   0.0
       D:10 |    3664 |       0 |   0.0 |      23 |       0 |   0.0
       D:11 |    5116 |     632 |  11.0 |      26 |       6 |  18.8
       D:12 |   10823 |    3724 |  25.6 |      27 |      15 |  35.7
       D:13 |    4829 |    2203 |  31.3 |      13 |       4 |  23.5
       D:14 |   10316 |    2090 |  16.8 |      21 |       7 |  25.0
       D:15 |   12211 |    5856 |  32.4 |      21 |       9 |  30.0
     Lair:1 |    4786 |     347 |   6.8 |      22 |       3 |  12.0
     Lair:2 |    8573 |    3924 |  31.4 |      32 |       7 |  17.9
     Lair:3 |    6708 |     547 |   7.5 |      17 |       4 |  19.0
     Lair:4 |    6249 |    2481 |  28.4 |      20 |       3 |  13.0
     Lair:5 |    6631 |    4053 |  37.9 |      13 |      14 |  51.9
    Swamp:1 |   13075 |       0 |   0.0 |      28 |       0 |   0.0
    Swamp:2 |   13964 |       0 |   0.0 |      28 |       0 |   0.0
    Swamp:3 |    8321 |       0 |   0.0 |      19 |       0 |   0.0
   Spider:1 |   12174 |    2003 |  14.1 |      32 |      16 |  33.3
   Spider:2 |   18499 |    7939 |  30.0 |      39 |      11 |  22.0
   Spider:3 |   12818 |    2895 |  18.4 |      31 |      11 |  26.2
   Spider:4 |   14138 |   11484 |  44.8 |      39 |      23 |  37.1
      Orc:1 |    1257 |    5445 |  81.2 |      15 |      20 |  57.1
      Orc:2 |    1990 |    8441 |  80.9 |      14 |      33 |  70.2
    Ossuary |       0 |      83 | 100.0 |       0 |      53 | 100.0
            +---------+---------+-------+---------+---------+-------
